 Dungeon Crawl Stone Soup version 0.26-a0-651-gb41185065b (webtiles) character file.

Game seed: 16795119595194460511

3237 Flugslaktarn the Fighter (level 9, 0/99 HPs)
             Began as a Deep Dwarf Fighter on Oct 14, 2020.
             Was a Priest of Makhleb.
             Slain by an orc warrior
             ... wielding a +1 dire flail of holy wrath
              (25 damage)
             ... on level 7 of the Dungeon.
             The game lasted 00:03:04 (3436 turns).

Flugslaktarn the Fighter (Deep Dwarf Fighter)       Turns: 3436, Time: 00:03:04

Health: 0/99       AC:  9    Str: 20    XL:     9   Next: 66%
Magic:  7/7        EV:  7    Int:  9    God:    Makhleb [***...]
Gold:   262        SH: 10    Dex: 15    Spells: 8/8 levels left

rFire    + . .     SeeInvis .   a - +0 war axe
rCold    . . .     Faith    .   c - +0 kite shield
rNeg     . . .     Spirit   .   b - +0 scale mail
rPois    .         Reflect  .   u - +0 helmet
rElec    .         Harm     .   (no cloak)
rCorr    .         Rampage  .   k - +0 pair of gloves
MR       +....                  (no boots)
Stlth    ..........             (no amulet)
HPRegen  0.00/turn              (no ring)
MPRegen  0.10/turn              (no ring)

@: non-regenerating, heavily drained
A: damage resistance, heal wounds, fire resistance 1, sense surroundings 2,
evolution 1, no regeneration
a: Heal Wounds, Minor Destruction, Lesser Servant of Makhleb, Renounce Religion


You were on level 7 of the Dungeon.
You worshipped Makhleb.
Makhleb was most pleased with you.
You visited 2 branches of the dungeon, and saw 8 of its levels.
You also visited: Sewer and Ossuary.

You collected 262 gold pieces.

Inventory:

Hand Weapons
 a - a +0 war axe (weapon)
Armour
 b - a +0 scale mail (worn)
 c - a +0 kite shield (worn)
 k - a +0 pair of gloves (worn)
   (You found it on level 2 of the Dungeon)
 u - a +0 helmet (worn)
   (You found it on level 5 of the Dungeon)
Jewellery
 l - a +4 ring of protection {unknown}
   (You found it on level 3 of the Dungeon)
 o - an uncursed ring of magical power {unknown}
   (You found it on level 5 of the Dungeon)
Wands
 f - a wand of iceblast (23)
   (You found it on level 5 of the Dungeon)
 i - a wand of acid (7)
   (You found it on level 5 of the Dungeon)
 t - a wand of enslavement (6)
   (You found it on level 5 of the Dungeon)
Scrolls
 e - 4 scrolls of noise {unknown}
 g - 7 scrolls of identify {unknown}
 h - 3 scrolls of enchant weapon {unknown}
 m - 2 scrolls of remove curse {unknown}
 n - 4 scrolls of immolation {unknown}
 r - a scroll of fear {unknown}
 s - 7 scrolls of teleportation {unknown}
 w - a scroll of enchant armour {unknown}
 y - 4 scrolls of random uselessness {unknown}
 E - 3 scrolls of brand weapon {unknown}
 G - a scroll of amnesia {unknown}
Potions
 d - a potion of might
 j - 3 potions of mutation
 p - 2 potions of flight {unknown}
 q - 6 potions of curing
 v - a potion of brilliance {unknown}
 x - 10 potions of degeneration {unknown}
 z - a potion of ambrosia {unknown}
 A - a potion of haste {unknown}
 B - a potion of invisibility {unknown}
 C - 3 potions of heal wounds {unknown}
 D - a potion of cancellation {unknown}
 F - a potion of berserk rage {unknown}


   Skills:
 * Level 12.5(10.8) Fighting
 * Level 6.4(5.0) Axes
 + Level 5.4(4.0) Armour
 + Level 5.4(4.0) Shields
 + Level 4.6(3.3) Invocations


You had 8 spell levels left.
You didn't know any spells.
Your spell library was empty.

Dungeon Overview and Level Annotations

Branches:
Dungeon (7/15)             Temple (1/1) D:4           Sewer (visited)
Ossuary (visited)

Altars:
Ashenzari
Cheibriados
Dithmenos
Elyvilon
Fedhas
Gozag
Hepliaklqana
Kikubaaqudgha
Makhleb
Nemelex Xobeh
Okawaru
Qazlal
Ru
Trog
Uskayaw
Vehumet
Wu Jian
Xom
Yredelemnul
Zin
The Shining One

Shops:
D:5 *


Innate Abilities, Weirdness & Mutations

You are resistant to damage.
You can heal yourself by infusing magical energy.
You passively map the area around you.
You do not regenerate.
Your flesh is heat resistant. (rF+)
You evolve.


Message History

You barely miss the orc wizard.
The orc wizard is severely wounded.
You slash the orc warrior! You hit the orc. You block the orc's attack.
The orc warrior hits you with a +1 dire flail of holy wrath!!
* * * LOW HITPOINT WARNING * * *
The orc wizard points at you and mumbles some strange words.
The magic dart hits you!
* * * LOW HITPOINT WARNING * * *
You block the orc's attack.
You are too injured to fight recklessly!
You are too injured to fight recklessly!
You are too injured to fight recklessly!
You are too injured to fight recklessly!
You are too injured to fight recklessly!
You are too injured to fight recklessly!
The orc wizard hits you but does no damage.
Your magical essence is drained by the effort!
You feel much better. You block the orc wizard's attack.
The orc warrior hits you with a +1 dire flail of holy wrath!!
You die...

......# ##.###.#* , **
......######..##.#* *
......#<..)......#, ,
......#######.####....#
......# #..# !..o#
......# ##.## ....#
#####.# #..# .o..# .#
##.##.(..# , * ##
#o@#o...### , *
######o#.o.(...,
#.....oo# , , ,,
#.......#* , **
#........# , , ,
########.#* * * ,
*..#,* #.# * , .#,*


You could see an orc warrior, an orc wizard and 2 orcs.

Vanquished Creatures
  A hippogriff (D:7)
  Eustachio (D:4)
  2 ice beasts (D:6)
  A phantom (D:6)
  3 ogres
  A centaur (D:6)
  2 bullfrogs
  3 scorpions
  5 killer bees (D:5)
  9 wights
  2 howler monkeys
  A centaur zombie (Ossuary)
  A jelly (D:7)
  3 orc wizards
  An orc priest (D:4)
  3 hounds
  3 bullfrog skeletons
  A centaur skeleton (D:6)
  An iguana (D:5)
  4 worker ants
  A hound skeleton (D:6)
  4 mummies (Ossuary)
  2 howler monkey zombies (D:7)
  8 adders
  3 gnolls (D:5)
  A shadow imp (D:5)
  2 white imps (D:6)
  An ufetubus (D:6)
  An ooze (D:1)
  An adder zombie (D:6)
  3 adder skeletons
  4 worms
  2 dart slugs (D:1)
  3 leopard geckos
  10 orcs
  6 bats
  5 giant cockroaches
  A gnoll zombie (Ossuary)
  5 goblins
  2 hobgoblins
  3 quokkas
  5 ball pythons
  6 frilled lizards
  2 goblin zombies
  A kobold (D:1)
  2 kobold zombies (Ossuary)
  A leopard gecko skeleton (D:7)
  2 rats
  A rat zombie (D:6)
136 creatures vanquished.

Notes
Turn   | Place    | Note
-------+----------+-------------------------------------------
     0 | D:1      | Flugslaktarn the Deep Dwarf Fighter began the quest for the
                  | Orb.
     0 | D:1      | Reached XP level 1. HP: 20/20 MP: 1/1
    78 | D:1      | Reached XP level 2. HP: 21/27 MP: 2/2
   127 | D:1      | Reached skill level 3 in Fighting
   241 | D:3      | Reached XP level 3. HP: 32/34 MP: 3/3
   266 | D:4      | Found a staircase to the Ecumenical Temple.
   287 | Temple   | Entered the Ecumenical Temple
   446 | Temple   | Became a worshipper of Makhleb the Destroyer
   550 | D:4      | Noticed an ogre
   554 | D:4      | Noticed Eustachio
   571 | D:4      | Reached skill level 1 in Invocations
   571 | D:4      | Reached XP level 4. HP: 28/42 MP: 4/4
   579 | D:4      | Killed an ogre
   579 | D:4      | Reached XP level 5. HP: 10/50 MP: 4/6
   579 | D:4      | HP: 1/50 [orc priest/divine providence (9)]
   589 | D:4      | Reached skill level 4 in Fighting
   589 | D:4      | Reached XP level 6. HP: 51/57 MP: 6/6
   612 | D:4      | Killed Eustachio
   744 | D:4      | Reached * piety under Makhleb
   826 | D:4      | Found a glowing drain.
   841 | Sewer    | Entered a sewer
   948 | D:4      | Reached XP level 7. HP: 47/66 MP: 8/8
  1056 | D:5      | Entered Level 5 of the Dungeon
  1056 | D:5      | Found Jan Vuce's General Store.
  1103 | D:5      | Reached skill level 5 in Axes
  1146 | D:5      | Gained mutation: You evolve. [potion of mutation]
  1146 | D:5      | Gained mutation: Your flesh is heat resistant. (rF+)
                  | [potion of mutation]
  1147 | D:5      | Reached skill level 12 in Fighting
  1147 | D:5      | Reached XP level 8. HP: 63/91 MP: 9/9
  1910 | D:6      | Reached ** piety under Makhleb
  1938 | D:6      | Found a sand-covered staircase.
  1945 | Ossuary  | Entered an ossuary
  2314 | D:6      | Reached skill level 5 in Armour
  2342 | D:6      | Gained mutation: You passively map the area around you.
                  | [Deep Dwarf growth]
  2342 | D:6      | Reached XP level 9. HP: 58/98 MP: 8/8
  2360 | D:6      | Reached skill level 5 in Shields
  2839 | D:6      | Reached *** piety under Makhleb
  3434 | D:7      | HP: 4/99 [orc wizard/magic dart (9)]
  3436 | D:7      | Slain by an orc warrior

Illustrated notes

Levels and vault maps discovered:
D:1:      heliophobic_arrival_enchanted_forest, layout_basic
D:2:      layout_loops_cross, nemelex_spade_bored_becter, uniq_robin
D:3:      layout_basic, led_sif_pool
D:4:      layout_rooms, minmay_temple_entry_butterflies, portal_sewer_entry_e,
          uniq_eustachio
D:5:      layout_gridville, serial_shops, shop, chequers_decorated_corner,
          minmay_fountain_box
D:6:      layout_loops_corners, enter_ossuary_4, minmay_misc_feat_chi,
          kb_rosetta
D:7:      layout_basic, uniq_menkaure
Temple:   kilobyte_greek_temple

Skill      XL: |  1  2  3  4  5  6  7  8  9 |
---------------+----------------------------+-----
Fighting       | 3 4 12 | 12.5
Axes           | 3 4 5 6 |  6.4
Invocations    | 1 2 3 4 |  4.6
Armour         | 4 5 |  5.4
Shields        | 4 5 |  5.4

Action                   |  1- 3 |  4- 6 |  7- 9 || total
-------------------------+-------+-------+-------++-------
Melee: War axe           |    70 |    93 |   427 ||   590
 Abil: Heal Wounds       |     2 |     4 |    17 ||    23
  Use: Potion            |     1 |       |     5 ||     6
Armor: Scale mail        |    40 |    51 |   219 ||   310
Dodge: Dodged            |    34 |    42 |   150 ||   226
Block: Kite shield       |    48 |    71 |   248 ||   367

Table legend: (Time is in decaauts)
 A = Elapsed time spent in this place.
 B = Non-inter-level travel time spent in this place.
 C = Inter-level travel time spent in this place.
 D = Time resting spent in this place.
 E = Time spent auto-exploring this place.
 F = Levels seen in this place.
 G = Mean time per level.
                   A        B        C        D        E       F      G
               +--------+--------+--------+--------+--------+-----+--------+
         Total |   3653 |   3484 |    169 |     40 |   2126 |  10 |  365.3 |
       Dungeon |   3190 |   3079 |    111 |     40 |   1877 |   7 |  455.7 |
        Temple |    195 |    137 |     58 |      0 |    135 |   1 |  195.0 |
         Sewer |     71 |     71 |      0 |      0 |     18 |   1 |   71.0 |
       Ossuary |    195 |    195 |      0 |      0 |     96 |   1 |  195.0 |
               +--------+--------+--------+--------+--------+-----+--------+

Top non-repeatable levels by time:
     D:6: 1053 daAuts
     D:5: 874 daAuts
     D:4: 578 daAuts
     D:7: 397 daAuts
     D:1: 215 daAuts
  Temple: 195 daAuts
 Ossuary: 195 daAuts
   Sewer: 71 daAuts
     D:3: 40 daAuts
     D:2: 29 daAuts
